Map: Nightshade LE

Players

Dark - Winner!

  • Race: Zerg Zerg
  • Spawn Location: 11:00

Solar

  • Race: Zerg Zerg
  • Spawn Location: 5:00

Event: IEM Katowice 2020

VOD

Have the link to the VOD?

Description

Time

  • Played on: Feb. 29, 2020, 8:04 a.m.
  • Length: 28:29

All games in this series

Show
View Real Time Build Order
Export as new Build Order

Dark Zerg - Winner!

Build Orders: Hatch First, Lurkers 

Get SALT Encoding   

  12  0:00  Drone  
  13  0:13  Overlord  
  13  0:17  Drone  
  14  0:31  Drone x2  
  16  0:50  Hatchery  
  16  0:52  Drone  
  16  0:56  Drone  
  17  0:59  Drone  
  18  1:10  Extractor  
  17  1:14  Spawning Pool  
  17  1:17  Drone  
  17  1:20  Drone  
  18  1:29  Drone  
  19  1:40  Drone  
  20  1:51  Drone  
  21  2:01  Queen x2  
  21  2:03  Drone, Overlord  
  26  2:12  Drone  
  26  2:13  Drone, Metabolic Boost  
  28  2:22  Drone  
  29  2:30  Hatchery  
  29  2:33  Zergling x2  
  29  2:37  Drone x2  
  31  2:44  Queen  
  33  2:52  Baneling Nest  
  33  2:56  Overlord  
  33  2:58  Drone  
  33  3:00  Drone  
  33  3:03  Zergling x2  
  33  3:05  Drone  
  36  3:14  Drone x4  
  36  3:19  Drone x2  
  42  3:24  Overlord  
  42  3:28  Drone x2  
  44  3:35  Baneling  
  44  3:43  Queen  
  44  3:44  Zergling x4  
  44  3:45  Drone x2  
  44  3:46  Drone, Evolution Chamber  
  50  3:50  Drone  
  50  3:52  Drone x3  
  50  3:55  Zergling x2  
  55  3:56  Zergling x2  
  55  3:58  Drone  
  55  4:01  Extractor  
  56  4:03  Drone x2  
  56  4:06  Overlord  
  56  4:08  Baneling  
  58  4:11  Overlord  
  58  4:13  Zerg Missile Weapons Level 1  
  58  4:19  Roach Warren  
  58  4:21  Lair  
  57  4:24  Drone  
  57  4:25  Drone  
  57  4:26  Drone  
  57  4:29  Drone x2  
  57  4:31  Drone  
  63  4:33  Drone  
  63  4:34  Drone  
  64  4:41  Drone  
  64  4:42  Drone x4  
  69  4:48  Drone x3  
  69  4:49  Drone  
  73  4:53  Overlord  
  73  4:55  Extractor  
  73  4:56  Extractor, Baneling x2  
  73  4:57  Overlord  
  73  4:59  Drone x2  
  73  5:01  Extractor  
  73  5:02  Extractor  
  73  5:04  Overlord  
  73  5:05  Overlord  
  71  5:07  Overlord  
  71  5:11  Drone x3  
  74  5:14  Drone x3  
  74  5:18  Drone  
  74  5:19  Drone  
  79  5:26  Drone x8  
  86  5:33  Drone  
  86  5:34  Evolution Chamber  
  86  5:36  Glial Reconstitution, Overlord  
  86  5:40  Baneling x2  
  86  5:46  Hatchery, Roach x2  
  86  5:49  Roach x2  
  93  5:51  Overlord  
  93  5:53  Roach  
  93  5:54  Overseer  
  93  5:56  Roach  
  96  6:02  Roach x2  
  96  6:03  Roach x2  
  104  6:06  Zerg Ground Armor Level 1  
  104  6:09  Zerg Missile Weapons Level 2  
  104  6:10  Roach  
  108  6:11  Roach  
  108  6:13  Roach  
  108  6:14  Roach  
  108  6:17  Roach  
  113  6:21  Roach x3  
  113  6:22  Roach  
  121  6:29  Ravager x2  
  121  6:30  Ravager x2, Overlord  
  121  6:32  Extractor, Overlord  
  124  6:33  Overlord  
  124  6:35  Roach x2  
  128  6:40  Roach  
  128  6:42  Overlord  
  128  6:44  Overseer  
  128  6:46  Overlord x2  
  130  6:51  Overlord  
  130  6:52  Roach, Overlord  
  130  6:53  Roach  
  134  6:56  Roach x2  
  134  6:58  Roach  
  134  6:59  Roach  
  142  7:01  Roach x2  
  142  7:06  Roach x3  
  155  7:08  Ravager x3  
  146  7:15  Roach  
  146  7:16  Roach x3  
  146  7:20  Ravager x2  
  146  7:21  Roach x2  
  158  7:25  Roach x2  
  158  7:29  Roach x2  
  166  7:33  Roach x2  
  172  7:37  Roach x3  
  172  7:42  Roach x2  
  172  7:43  Roach  
  181  7:45  Ravager  
  177  8:01  Roach x10  
  189  8:06  Roach x2  
  189  8:10  Roach x2  
  189  8:11  Roach  
  189  8:12  Ravager  
  197  8:31  Overlord  
  188  8:38  Roach  
  188  8:39  Roach x3, Overlord  
  192  8:46  Overlord  
  190  8:52  Roach x5  
  200  9:13  Roach x2  
  192  9:17  Roach  
  192  9:18  Roach x3  
  200  9:28  Roach x2  
  200  9:29  Roach x6  
  192  9:33  Roach x4  
  193  9:41  Roach x3  
  193  9:42  Roach x7  
  195  9:47  Spire, Drone x3  
  195  9:48  Drone x3  
  195  9:52  Roach  
  200  10:00  Overlord  
  196  10:18  Extractor, Overlord  
  196  10:19  Roach x2  
  199  10:23  Roach x2  
  181  10:59  Mutalisk x9  
  181  11:01  Zerg Ground Armor Level 2  
  199  11:07  Pneumatized Carapace  
  199  11:08  Drone  
  194  11:31  Roach x3  
  200  11:34  Infestation Pit  
  200  11:35  Hydralisk Den  
  198  11:56  Roach  
  196  12:10  Ravager x4  
  196  12:11  Hive  
  196  12:12  Grooved Spines  
  196  12:13  Lurker Den  
  199  12:26  Roach x3  
  165  12:37  Roach x17  
  165  12:40  Overlord x2  
  165  12:41  Ravager  
  165  12:43  Overseer x2  
  192  13:01  Roach  
  190  13:06  Roach x5  
  190  13:10  Roach x3  
  199  13:21  Hydralisk  
  199  13:22  Hydralisk  
  199  13:24  Muscular Augments  
  199  13:25  Hydralisk  
  190  13:30  Hydralisk x4, Adaptive Talons  
  190  13:31  Hydralisk  
  190  13:32  Hydralisk x3  
  180  13:35  Hydralisk x4  
  180  13:37  Roach x2  
  180  13:38  Roach  
  180  13:39  Roach  
  180  13:40  Roach x5  
  180  13:41  Roach  
  192  13:45  Hydralisk x2  
  190  13:50  Overseer  
  190  13:52  Lurker  
  190  13:54  Lurker  
  192  14:01  Lurker x3  
  191  14:03  Drone  
  191  14:04  Hatchery  
  189  14:12  Lurker  
  189  14:13  Lurker  
  188  14:26  Overseer  
  188  14:27  Seismic Spines  
  188  14:28  Overlord x3  
  188  14:32  Hatchery  
  187  14:41  Overlord  
  187  14:49  Hydralisk  
  187  14:50  Hydralisk x2  
  187  14:51  Lurker x4  
  187  14:52  Lurker  
  178  15:09  Overseer  
  178  15:13  Drone x4  
  178  15:14  Drone x3  
  178  15:18  Spore Crawler  
  178  15:20  Overseer  
  178  15:21  Viper  
  172  15:22  Spore Crawler  
  172  15:32  Overseer  
  172  15:34  Hydralisk x3  
  116  15:45  Hydralisk x3  
  116  15:47  Drone  
  120  15:58  Hydralisk x2  
  124  16:05  Lurker x3  
  124  16:06  Lurker  
  119  16:23  Hatchery  
  116  16:26  Viper  
  119  16:36  Spore Crawler, Viper  
  119  16:44  Hydralisk x2  
  123  16:53  Hydralisk x3  
  129  17:05  Lurker  
  129  17:08  Lurker  
  132  17:24  Hatchery  
  132  17:26  Hydralisk x2  
  132  17:27  Hydralisk x3  
  133  17:32  Hydralisk  
  135  17:46  Hydralisk x3  
  135  17:50  Drone  
  142  17:55  Hydralisk x2  
  146  18:01  Overseer  
  142  18:10  Drone  
  142  18:11  Drone x5  
  144  18:15  Lurker  
  144  18:30  Drone x2  
  144  18:31  Drone  
  147  18:35  Extractor x2  
  142  18:49  Hydralisk x3  
  148  18:59  Spore Crawler  
  148  19:01  Hydralisk x2  
  151  19:09  Viper x2  
  157  19:23  Hydralisk x2  
  157  19:24  Hydralisk  
  157  19:29  Lurker  
  157  19:30  Lurker  
  162  19:31  Drone  
  163  19:44  Hydralisk x2  
  157  19:48  Overseer x2  
  154  20:00  Overseer, Hydralisk  
  154  20:01  Hydralisk x3  
  158  20:07  Overseer  
  150  20:17  Hydralisk x2  
  154  20:33  Drone  
  155  20:37  Overseer  
  155  20:39  Drone  
  156  20:42  Spore Crawler  
  156  20:43  Hydralisk x3  
  161  20:58  Hydralisk  
  162  21:04  Spore Crawler  
  162  21:06  Spine Crawler  
  162  21:08  Spine Crawler  
  162  21:10  Drone  
  156  21:18  Hatchery  
  155  21:21  Drone  
  155  21:23  Hydralisk x2  
  155  21:24  Hydralisk  
  162  21:25  Overseer  
  162  21:43  Overseer  
  162  21:44  Hydralisk  
  158  22:12  Zergling x6  
  158  22:13  Zergling x8  
  158  22:14  Lurker  
  166  22:19  Hydralisk x2  
  167  22:29  Drone x7  
  172  22:30  Drone  
  172  22:35  Lurker  
  174  22:39  Extractor  
  174  22:42  Extractor  
  172  22:46  Spore Crawler  
  172  22:47  Overseer, Spine Crawler  
  172  22:48  Spine Crawler  
  172  22:50  Drone  
  172  22:51  Drone x2, Hydralisk x2  
  167  23:12  Lurker  
  168  23:18  Hydralisk x2  
  169  23:25  Roach x3  
  170  23:32  Roach x3  
  176  23:54  Drone  
  174  24:01  Lurker x3  
  171  24:32  Lurker x3  
  171  24:38  Zergling x22  
  177  24:39  Zergling x6  
  177  24:44  Hatchery  
  185  24:49  Overlord  
  185  24:50  Overlord  
  185  24:52  Overseer, Lurker x2  
  170  25:24  Overseer  
  170  25:25  Hydralisk x6  
  168  25:31  Zergling x14  
  168  25:32  Zergling x6  
  168  25:34  Hatchery  
  169  25:40  Roach x3  
  172  25:58  Hatchery, Viper  
  174  26:08  Viper  
  177  26:12  Zergling x18  
  181  26:27  Hydralisk x2  
  183  26:35  Hydralisk  
  183  26:36  Hydralisk x2  
  189  26:48  Zergling x2  
  189  26:49  Zergling x12  
  192  27:13  Hydralisk x3  
  198  27:20  Extractor x2  
  198  27:21  Spore Crawler  
  198  27:22  Spine Crawler  
  187  27:24  Hydralisk x3  
  143  27:44  Hydralisk x4  
  143  27:47  Hydralisk x2  
  152  27:54  Overseer x2  
  149  28:05  Hydralisk  
Show
View Real Time Build Order
Export as new Build Order

Solar Zerg 

Build Orders: Hatch First, Lurkers 

Get SALT Encoding   

  12  0:01  Drone  
  13  0:12  Overlord  
  13  0:16  Drone  
  14  0:31  Drone x2  
  16  0:48  Hatchery  
  15  0:50  Drone  
  15  0:53  Drone  
  15  0:56  Drone  
  18  1:09  Extractor  
  17  1:13  Spawning Pool  
  17  1:15  Drone  
  17  1:19  Drone  
  18  1:28  Drone  
  19  1:39  Drone  
  20  1:49  Drone  
  21  2:00  Zergling x2, Queen x2  
  21  2:01  Overlord  
  26  2:10  Metabolic Boost  
  26  2:11  Drone x2  
  28  2:21  Drone x2  
  30  2:35  Hatchery  
  30  2:37  Drone  
  30  2:42  Queen  
  32  2:46  Drone  
  33  2:53  Baneling Nest  
  32  2:58  Overlord  
  32  2:59  Zergling x2  
  32  3:00  Drone  
  32  3:02  Drone  
  32  3:05  Drone  
  36  3:18  Zergling x6, Drone x3  
  43  3:20  Zergling x2  
  43  3:30  Drone  
  43  3:32  Evolution Chamber  
  43  3:34  Overlord  
  43  3:37  Drone  
  44  3:48  Drone x2  
  44  3:49  Drone  
  44  3:51  Zergling x2  
  44  3:52  Drone x2  
  44  3:53  Drone x2  
  52  3:56  Overlord  
  52  3:58  Drone, Zerg Missile Weapons Level 1  
  52  3:59  Drone  
  52  4:02  Drone  
  55  4:06  Drone  
  55  4:09  Drone, Roach Warren  
  56  4:13  Baneling  
  56  4:18  Drone x2  
  56  4:19  Drone x4  
  56  4:22  Extractor  
  56  4:24  Extractor  
  60  4:26  Drone x3  
  60  4:28  Overlord  
  60  4:29  Drone  
  63  4:32  Drone  
  63  4:33  Drone  
  63  4:38  Overlord  
  65  4:41  Lair  
  65  4:42  Overlord  
  65  4:44  Overlord  
  65  4:49  Extractor, Drone  
  65  4:51  Extractor  
  64  4:55  Drone  
  64  4:57  Drone  
  64  4:58  Drone x6  
  64  4:59  Drone  
  73  5:03  Drone x2  
  73  5:06  Drone, Pneumatized Carapace  
  76  5:08  Drone  
  76  5:10  Drone  
  78  5:17  Extractor, Drone  
  78  5:26  Zergling x6  
  80  5:31  Drone x3  
  80  5:32  Drone  
  80  5:35  Overlord x2  
  84  5:37  Roach x2  
  84  5:38  Glial Reconstitution  
  84  5:39  Overseer  
  84  5:40  Overseer  
  88  5:43  Evolution Chamber  
  88  5:44  Hatchery  
  88  5:45  Overlord  
  86  5:50  Overlord  
  86  5:56  Roach x6  
  98  5:59  Roach  
  100  6:05  Roach x6  
  100  6:08  Drone  
  100  6:11  Zerg Ground Armor Level 1  
  113  6:14  Overlord  
  113  6:18  Drone  
  114  6:19  Drone  
  114  6:20  Spore Crawler  
  114  6:22  Baneling x4  
  114  6:29  Spore Crawler, Zerg Missile Weapons Level 2  
  114  6:32  Roach x4  
  121  6:35  Drone, Overlord  
  121  6:37  Overlord  
  121  6:40  Overlord  
  121  6:43  Drone  
  121  6:44  Roach x2  
  125  6:48  Ravager x2  
  125  6:49  Ravager x2, Overlord  
  125  6:51  Overlord  
  129  6:55  Overlord  
  129  6:57  Overlord  
  129  7:00  Roach x3  
  135  7:04  Roach x2  
  135  7:05  Roach  
  135  7:06  Roach  
  143  7:11  Roach x3  
  143  7:14  Roach x2  
  151  7:20  Roach x4  
  159  7:23  Drone x2  
  159  7:25  Overlord  
  159  7:28  Queen  
  159  7:29  Infestation Pit  
  162  7:35  Roach x4  
  170  7:38  Drone  
  170  7:40  Extractor, Drone  
  170  7:44  Roach  
  170  7:45  Roach x3  
  170  7:46  Ravager x4  
  170  7:50  Roach x2  
  186  7:55  Roach x2  
  186  7:58  Roach  
  186  7:59  Roach  
  186  8:02  Roach x4  
  190  8:08  Overlord  
  190  8:15  Overlord  
  190  8:17  Overlord  
  190  8:20  Overlord  
  190  8:21  Baneling x2, Overlord  
  190  8:23  Overlord  
  190  8:24  Hatchery  
  186  8:29  Roach x5  
  186  8:33  Roach x3  
  186  8:34  Roach  
  190  8:37  Roach x2  
  186  8:42  Roach x2  
  186  8:47  Ravager, Baneling x3  
  188  8:49  Ravager  
  188  8:51  Roach x5  
  188  8:53  Ravager  
  195  8:56  Roach x2  
  195  9:00  Hive  
  199  9:09  Extractor, Roach  
  198  9:10  Extractor  
  198  9:13  Roach x2  
  198  9:14  Roach x3  
  198  9:16  Roach  
  195  9:19  Roach  
  195  9:20  Roach  
  199  9:28  Roach  
  199  9:29  Roach x2  
  199  9:30  Roach x2  
  197  9:35  Roach x2  
  197  9:36  Roach  
  198  9:43  Roach x4  
  198  9:45  Ravager  
  198  9:46  Ravager  
  198  9:50  Hydralisk Den  
  198  9:52  Ravager  
  199  9:54  Drone  
  198  10:03  Overlord  
  198  10:04  Overseer  
  198  10:05  Roach x2  
  200  10:17  Zerg Missile Weapons Level 3  
  200  10:19  Zerg Ground Armor Level 2  
  200  10:22  Roach x2  
  200  10:26  Grooved Spines  
  200  10:28  Spore Crawler  
  199  10:37  Ravager  
  196  10:43  Hydralisk x3  
  196  10:49  Roach x4  
  196  10:59  Lurker Den  
  195  11:11  Spore Crawler  
  194  11:12  Hydralisk x3  
  194  11:14  Hydralisk  
  194  11:15  Hydralisk  
  196  11:22  Viper  
  199  11:33  Spore Crawler  
  199  11:34  Spore Crawler  
  199  11:35  Spore Crawler x2, Hydralisk x2  
  199  11:38  Muscular Augments  
  199  11:39  Overlord  
  199  11:40  Overlord x4  
  199  11:41  Spore Crawler  
  199  11:42  Overlord  
  199  11:44  Overlord x2  
  199  11:45  Overlord  
  198  11:57  Seismic Spines  
  198  12:00  Lurker x2  
  200  12:05  Hydralisk  
  199  12:13  Lurker  
  188  12:23  Hydralisk x7  
  186  12:30  Hydralisk x2  
  186  12:32  Hydralisk x2  
  191  12:39  Hatchery  
  191  12:42  Hydralisk x4  
  201  12:45  Hatchery  
  201  12:50  Lurker x4  
  200  12:54  Adaptive Talons  
  193  13:07  Hydralisk x2  
  193  13:10  Hydralisk x2  
  199  13:26  Hydralisk  
  199  13:30  Hydralisk x2  
  197  13:41  Hydralisk  
  197  13:44  Hydralisk x5  
  197  13:47  Hydralisk  
  197  14:00  Hydralisk x2  
  197  14:02  Roach  
  199  14:08  Roach  
  193  14:25  Overseer x4  
  193  14:30  Spore Crawler, Lurker x7  
  193  14:31  Spore Crawler, Overseer  
  199  14:36  Hydralisk x2  
  199  14:38  Extractor  
  198  14:43  Hatchery  
  183  14:47  Roach x5  
  186  14:54  Roach  
  182  15:02  Roach x2  
  181  15:08  Roach x2  
  181  15:14  Roach  
  131  15:50  Drone x6  
  131  15:53  Drone x4  
  131  15:55  Drone  
  136  16:01  Drone  
  137  16:08  Viper  
  140  16:13  Viper  
  138  16:19  Viper  
  138  16:24  Drone  
  142  16:26  Drone  
  142  16:33  Lurker x2  
  142  16:36  Lurker  
  145  16:46  Overseer  
  145  16:50  Drone x2  
  145  16:51  Drone x3  
  150  16:58  Hydralisk  
  152  17:05  Hydralisk x2  
  152  17:08  Lurker  
  157  17:10  Overseer  
  157  17:12  Hydralisk  
  159  17:34  Overseer x4  
  157  17:39  Hatchery  
  156  17:45  Hydralisk x4  
  156  17:46  Roach  
  163  17:52  Drone  
  163  17:53  Drone x2  
  163  17:57  Drone  
  162  18:05  Lurker x2  
  149  18:06  Lurker  
  149  18:10  Drone  
  151  18:13  Drone  
  151  18:18  Lurker  
  153  18:33  Hydralisk x2  
  157  18:36  Drone  
  157  18:37  Drone  
  160  18:41  Drone  
  160  18:43  Drone  
  159  18:52  Viper  
  162  18:55  Lurker  
  162  18:56  Lurker  
  164  19:05  Drone x3  
  167  19:10  Hydralisk  
  167  19:13  Extractor, Drone  
  167  19:15  Extractor  
  168  19:20  Drone x3  
  171  19:26  Lurker  
  171  19:29  Hydralisk  
  172  19:34  Drone x2  
  166  19:46  Hydralisk x3  
  172  19:58  Hydralisk  
  172  19:59  Hydralisk x2  
  173  20:08  Drone  
  173  20:09  Drone x8  
  173  20:12  Extractor  
  175  20:14  Extractor  
  175  20:18  Viper  
  172  20:25  Drone x3  
  175  20:32  Lurker  
  176  20:43  Drone x2  
  176  20:44  Hydralisk x3  
  184  20:54  Lurker x2  
  186  21:00  Drone  
  186  21:01  Drone x3  
  187  21:11  Hydralisk x3  
  185  21:15  Spine Crawler  
  185  21:17  Lurker  
  189  21:23  Drone x3  
  192  21:27  Spine Crawler  
  192  21:31  Viper  
  191  21:43  Drone x2  
  191  21:45  Spine Crawler, Nydus Network  
  191  21:56  Overseer, Hydralisk x3  
  191  21:57  Hydralisk  
  191  22:01  Viper  
  185  22:02  Overlord  
  185  22:08  Overseer x2  
  186  22:11  Overlord  
  186  22:14  Viper  
  185  22:22  Hydralisk x3  
  180  22:34  Evolution Chamber  
  180  22:35  Hydralisk x2, Evolution Chamber  
  180  22:36  Hydralisk x2  
  186  22:37  Spore Crawler  
  185  22:46  Lurker  
  185  22:50  Overseer  
  185  22:51  Drone x5  
  185  23:00  Drone x2  
  185  23:01  Hydralisk x4  
  193  23:05  Overseer  
  193  23:07  Lurker  
  194  23:18  Hydralisk x2  
  198  23:31  Hydralisk x3  
  185  23:43  Hydralisk x5  
  194  23:53  Nydus Canal  
  193  24:00  Hydralisk x2  
  193  24:02  Hatchery  
  197  24:17  Hatchery, Drone x2  
  197  24:18  Spore Crawler x2  
  197  24:19  Viper  
  199  24:26  Overseer  
  193  24:37  Overlord  
  191  24:41  Overlord x2  
  191  24:55  Spine Crawler  
  191  24:57  Viper x2  
  188  25:08  Drone x3  
  188  25:12  Viper  
  189  25:28  Hydralisk x3  
  189  25:41  Drone  
  189  25:42  Extractor, Drone  
  191  25:46  Hydralisk x3  
  191  25:47  Roach  
  191  25:49  Overseer  
  190  25:57  Overseer x2  
  188  26:13  Hydralisk x2  
  188  26:14  Roach  
  191  26:21  Drone x3  
  191  26:25  Hatchery, Lurker  
  188  26:33  Hydralisk  
  188  26:37  Roach x2  
  162  26:40  Hatchery, Roach x2  
  162  26:43  Roach x3  
  172  26:48  Roach x3  
  172  26:51  Overlord  
  172  26:52  Overseer  
  165  27:13  Hydralisk x2  
  151  27:35  Roach x2  
  153  27:37  Overseer x4  
  153  27:43  Overseer x4  
  139  27:47  Roach  
  136  27:51  Overseer x4  
  136  27:59  Roach  

Tags
 
Add a new tag
Caveats
  • Supply blocks, unpowered buildings, or Contaminate may cause inaccurate times.
  • Supply counts are checked every 10 seconds.